A- EAST
FAYETTEVILLE WOODPECKERS @ AUGUSTA GREENJACKETS
08/09/2041
 
TOP OF THE 1ST
Fayetteville Woodpeckers batting - Pitching for Augusta GreenJackets : RHP Iván Cedeño
Pitching: RHP Iván Cedeño
Batting: LHB Dave Branch 0-0: Foul Ball, location: 2F
0-1: Ball
1-1: Swinging Strike
1-2: Strikes out swinging
Batting: RHB Dave Martin 0-0: Ball
1-0: Ball
2-0: Ball
3-0: Base on Balls
Batting: RHB Mario Rivera 0-0: Called Strike
0-1: Ball
Dave Martin steals 2nd base
1-1: Ball
Passed Ball!
Dave Martin to third
2-1: Ball
3-1: Swinging Strike
3-2: Strikes out swinging, 2-3 out at first.
Batting: RHB Ron Ortíz 0-0: Foul Ball, location: 3SF
0-1: Ball
1-1: Foul Ball, location: 5FF
1-2: Ball
2-2: Strikes out swinging
Top of the 1st over - 0 runs, 0 hits, 0 errors, 1 left on base; Fayetteville 0 - Augusta 0
BOTTOM OF THE 1ST
Augusta GreenJackets batting - Pitching for Fayetteville Woodpeckers : RHP Phil Snider
Pitching: RHP Phil Snider
Batting: RHB José Cabrera 0-0: Swinging Strike
0-1: Fly out, F7 (Flyball, 7, EV 90.6 MPH)
Batting: RHB Steve Mason 0-0: Called Strike
0-1: Swinging Strike
0-2: Ball
1-2: Foul Ball, location: 2F
1-2: Strikes out swinging
Batting: LHB Doug Cox 0-0: Called Strike
0-1: Ball
1-1: Ball
2-1: Ball
3-1: Fly out, F8 (Flyball, 8RD, EV 104.4 MPH)
Bottom of the 1st over - 0 runs, 0 hits, 0 errors, 0 left on base; Fayetteville 0 - Augusta 0
TOP OF THE 2ND
Fayetteville Woodpeckers batting - Pitching for Augusta GreenJackets : RHP Iván Cedeño
Batting: RHB António Méndez 0-0: Called Strike
0-1: Ball
1-1: Swinging Strike
1-2: Strikes out swinging
Batting: LHB Don Caldwell 0-0: Foul Ball, location: 2F
0-1: Called Strike
0-2: Foul Ball, location: 2F
0-2: Ball
1-2: Strikes out looking
Batting: RHB Ben Jacobson 0-0: Swinging Strike
0-1: Swinging Strike
0-2: Strikes out swinging
Top of the 2nd over - 0 runs, 0 hits, 0 errors, 0 left on base; Fayetteville 0 - Augusta 0
BOTTOM OF THE 2ND
Augusta GreenJackets batting - Pitching for Fayetteville Woodpeckers : RHP Phil Snider
Batting: LHB David Cruz 0-0: Ball
1-0: Called Strike
1-1: Ball
2-1: Fly out, F9 (Flyball, 9LM, EV 91.3 MPH)
Batting: RHB Ed Randolph 0-0: Called Strike
0-1: Called Strike
0-2: Ball
1-2: Foul Ball, location: 2LF
1-2: Strikes out swinging
Batting: RHB Sam Nicholas 0-0: Fly out, F7 (Flyball, 7LM, EV 93.8 MPH)
Bottom of the 2nd over - 0 runs, 0 hits, 0 errors, 0 left on base; Fayetteville 0 - Augusta 0
TOP OF THE 3RD
Fayetteville Woodpeckers batting - Pitching for Augusta GreenJackets : RHP Iván Cedeño
Batting: RHB Iván Álvarez 0-0: Swinging Strike
0-1: Called Strike
0-2: Strikes out swinging
Batting: RHB Tim Brown 0-0: Called Strike
0-1: Ball
1-1: Ball
2-1: Ball
3-1: Called Strike
3-2: Foul Ball, location: 2F
3-2: Ground out 3-1 (Groundball, 34, EV 85.6 MPH)
Batting: LHB Dave Branch 0-0: Called Strike
0-1: Foul Ball, location: 5FF
0-2: Ball
1-2: Foul Ball, location: 7LMF
1-2: Foul Ball, location: 9LSF
1-2: Ball
2-2: SINGLE (Flyball, 8RS, EV 91.3 MPH)
Batting: RHB Dave Martin 0-0: Fly out, F6 (Line Drive, 56, EV 70.6 MPH)
Top of the 3rd over - 0 runs, 1 hit, 0 errors, 1 left on base; Fayetteville 0 - Augusta 0
BOTTOM OF THE 3RD
Augusta GreenJackets batting - Pitching for Fayetteville Woodpeckers : RHP Phil Snider
Batting: RHB José García 0-0: Called Strike
0-1: Foul Ball, location: 2F
0-2: Strikes out swinging
Batting: RHB Bob Bowman 0-0: Ball
1-0: Called Strike
1-1: Called Strike
1-2: Strikes out swinging
Batting: RHB Josh Owens 0-0: Called Strike
0-1: Fly out, F8 (Line Drive, 8RD, EV 100.6 MPH)
Bottom of the 3rd over - 0 runs, 0 hits, 0 errors, 0 left on base; Fayetteville 0 - Augusta 0
TOP OF THE 4TH
Fayetteville Woodpeckers batting - Pitching for Augusta GreenJackets : RHP Iván Cedeño
Batting: RHB Mario Rivera 0-0: Called Strike
0-1: Called Strike
0-2: Ball
1-2: Ball
2-2: Strikes out swinging
Batting: RHB Ron Ortíz 0-0: SINGLE (Groundball, 6MD, EV 101.3 MPH)
Batting: RHB António Méndez 0-0: Ball
1-0: Ball
2-0: Ball
3-0: Called Strike
3-1: Called Strike
3-2: Strikes out swinging
Batting: LHB Don Caldwell 0-0: Ground out 4-3 (Groundball, 4, EV 82.5 MPH)
Top of the 4th over - 0 runs, 1 hit, 0 errors, 1 left on base; Fayetteville 0 - Augusta 0
BOTTOM OF THE 4TH
Augusta GreenJackets batting - Pitching for Fayetteville Woodpeckers : RHP Phil Snider
Batting: RHB José Cabrera 0-0: Foul Ball, location: 25F
0-1: Ball
1-1: Ball
2-1: Ground out U3 (Groundball, 3S, EV 87.5 MPH)
Batting: RHB Steve Mason 0-0: Foul Ball, location: 7LMFF
0-1: Foul Ball, location: 7LMFF
0-2: Foul Ball, location: 2F
0-2: Ball
1-2: SINGLE (Groundball, 3D, EV 106.3 MPH)
Batting: LHB Doug Cox 0-0: Ball
1-0: Foul Ball, location: 7LMF
1-1: SINGLE (Groundball, 4MD, EV 106.9 MPH)
Steve Mason to second
Batting: LHB David Cruz 0-0: Fly out, F9 (Flyball, 9LM, EV 96.9 MPH)
Batting: RHB Ed Randolph 0-0: Called Strike
0-1: Fielders Choice at 2nd, 6-4 (Groundball, 56, EV 104.4 MPH)
Bottom of the 4th over - 0 runs, 2 hits, 0 errors, 2 left on base; Fayetteville 0 - Augusta 0
TOP OF THE 5TH
Fayetteville Woodpeckers batting - Pitching for Augusta GreenJackets : RHP Iván Cedeño
Batting: RHB Ben Jacobson 0-0: Ball
1-0: Ball
2-0: Called Strike
2-1: DOUBLE (Line Drive, 78D, EV 104.4 MPH)
Batting: RHB Iván Álvarez 0-0: Swinging Strike
0-1: Ball
1-1: Ground out U3 (Groundball, 34, EV 100.6 MPH)
Ben Jacobson to third
Batting: RHB Tim Brown 0-0: Ball
1-0: Swinging Strike
1-1: Swinging Strike
1-2: Foul Ball, location: 7LDF
1-2: Strikes out swinging
Batting: LHB Dave Branch 0-0: Fly out, F8 (Line Drive, 89M, EV 103.8 MPH)
Top of the 5th over - 0 runs, 1 hit, 0 errors, 1 left on base; Fayetteville 0 - Augusta 0
BOTTOM OF THE 5TH
Augusta GreenJackets batting - Pitching for Fayetteville Woodpeckers : RHP Phil Snider
Batting: RHB Sam Nicholas 0-0: Ball
1-0: SINGLE (Line Drive, 8LS, EV 90.0 MPH)
Batting: RHB José García 0-0: Foul Ball, location: 9LSF
0-1: Sac Bunt to 25 - play at first, batter OUT! 5-3
Sam Nicholas to second
Batting: RHB Bob Bowman 0-0: Ball
1-0: Ball
2-0: Foul Ball, location: 3SF
2-1: Ground out 4-3 (Groundball, 4, EV 88.8 MPH)
Sam Nicholas to third
Batting: RHB Josh Owens 0-0: Called Strike
0-1: Called Strike
0-2: Foul Ball, location: 9LSF
0-2: Ball
1-2: Fly out, F7 (Flyball, 7D, EV 93.8 MPH)
Bottom of the 5th over - 0 runs, 1 hit, 0 errors, 1 left on base; Fayetteville 0 - Augusta 0
TOP OF THE 6TH
Fayetteville Woodpeckers batting - Pitching for Augusta GreenJackets : RHP Iván Cedeño
Batting: RHB Dave Martin 0-0: Ground out U3 (Groundball, 34, EV 102.5 MPH)
Batting: RHB Mario Rivera 0-0: Called Strike
0-1: SINGLE (Groundball, 6, EV 83.8 MPH) (infield hit)
Batting: RHB Ron Ortíz 0-0: Swinging Strike
0-1: Fielders Choice at 2nd, 6-4 (Groundball, 56, EV 103.1 MPH)
Batting: RHB António Méndez 0-0: Ball
1-0: Fly out, F8 (Flyball, 8RD, EV 89.4 MPH)
Top of the 6th over - 0 runs, 1 hit, 0 errors, 1 left on base; Fayetteville 0 - Augusta 0
BOTTOM OF THE 6TH
Augusta GreenJackets batting - Pitching for Fayetteville Woodpeckers : RHP Phil Snider
Batting: RHB José Cabrera 0-0: Called Strike
0-1: Called Strike
0-2: Ball
1-2: Strikes out looking
Batting: RHB Steve Mason 0-0: SINGLE (Line Drive, 78S, EV 90.6 MPH)
Batting: LHB Doug Cox 0-0: Ball
1-0: Fly out, F9 (Line Drive, 9D, EV 98.8 MPH)
Batting: LHB David Cruz 0-0: Ball
1-0: Ball
2-0: Called Strike
2-1: Ball
3-1: Called Strike
3-2: Foul Ball, location: 2F
3-2: Ground out 4-3 (Groundball, 34S, EV 78.1 MPH)
Bottom of the 6th over - 0 runs, 1 hit, 0 errors, 1 left on base; Fayetteville 0 - Augusta 0
TOP OF THE 7TH
Fayetteville Woodpeckers batting - Pitching for Augusta GreenJackets : RHP Iván Cedeño
Batting: LHB Don Caldwell 0-0: Called Strike
0-1: SINGLE (Line Drive, 6MD, EV 96.9 MPH)
Batting: RHB Ben Jacobson 0-0: Sac Bunt to 3S - play at first, batter OUT! 3-4
Don Caldwell to second
Batting: RHB Iván Álvarez 0-0: Called Strike
0-1: Ball
1-1: Ball
2-1: Ball
3-1: Called Strike
3-2: Base on Balls
Batting: RHB Tim Brown 0-0: 3-RUN HOME RUN (Flyball, 7LD, EV 96.3 MPH), Distance : 358 ft
Batting: LHB Dave Branch 0-0: Called Strike
0-1: Foul Ball, location: 2F
0-2: Foul Ball, location: 25FF
0-2: Ground out 2-3 (Groundball, 2R, EV 66.9 MPH)
Batting: RHB Dave Martin 0-0: Called Strike
0-1: Foul Ball, location: 2F
0-2: Strikes out swinging
Top of the 7th over - 3 runs, 2 hits, 0 errors, 0 left on base; Fayetteville 3 - Augusta 0
BOTTOM OF THE 7TH
Augusta GreenJackets batting - Pitching for Fayetteville Woodpeckers : RHP Phil Snider
Batting: RHB Ed Randolph 0-0: Fly out, F9 (Flyball, 9, EV 86.9 MPH)
Batting: RHB Sam Nicholas 0-0: Foul Ball, location: 3DF
0-1: Ground out 5-3 (Groundball, 56S, EV 91.3 MPH)
Batting: RHB José García 0-0: SINGLE (Groundball, 6MD, EV 96.3 MPH)
Batting: RHB Bob Bowman 0-0: Fielders Choice at 2nd, 6-4 (Groundball, 6, EV 80.0 MPH)
Bottom of the 7th over - 0 runs, 1 hit, 0 errors, 1 left on base; Fayetteville 3 - Augusta 0
TOP OF THE 8TH
Fayetteville Woodpeckers batting - Pitching for Augusta GreenJackets : RHP Iván Cedeño
Pitching: RHP Iván Gómez
Batting: RHB Mario Rivera 0-0: Called Strike
0-1: Swinging Strike
0-2: Fly out, F9 (Flyball, 9, EV 75.6 MPH)
Batting: RHB Ron Ortíz 0-0: Called Strike
0-1: Called Strike
0-2: Ball
1-2: Strikes out looking
Batting: RHB António Méndez 0-0: Called Strike
0-1: Foul Ball, location: 2F
0-2: Strikes out swinging
Top of the 8th over - 0 runs, 0 hits, 0 errors, 0 left on base; Fayetteville 3 - Augusta 0
BOTTOM OF THE 8TH
Augusta GreenJackets batting - Pitching for Fayetteville Woodpeckers : RHP Phil Snider
Batting: RHB Josh Owens 0-0: Ball
1-0: Called Strike
1-1: SINGLE (Groundball, 56D, EV 100.6 MPH)
Batting: RHB José Cabrera 0-0: Foul Ball, location: 2F
0-1: Ball
1-1: Foul Ball, location: 25F
1-2: Hit by Pitch
Josh Owens to second
Batting: RHB Steve Mason 0-0: Ball
Wild Pitch!
Josh Owens to third
José Cabrera to second
1-0: Ball
2-0: Called Strike
2-1: Ball
3-1: SINGLE (Line Drive, 9LS, EV 90.6 MPH)
Josh Owens scores
José Cabrera to third
Batting: LHB Doug Cox 0-0: Ball
1-0: Foul Ball, location: 2F
1-1: Swinging Strike
1-2: Foul Ball, location: 23F
1-2: Ball
2-2: Ball
3-2: Base on Balls
Steve Mason to second
Batting: LHB David Cruz 0-0: Ball
1-0: Swinging Strike
1-1: Ball
2-1: Called Strike
2-2: Strikes out swinging
Pitching: RHP Akuhata Havika
Batting: RHB Ed Randolph 0-0: SINGLE (Groundball, 56, EV 105.6 MPH) (infield hit)
José Cabrera scores
Steve Mason to third
Doug Cox to second
Batting: RHB Sam Nicholas 0-0: Ball
1-0: Ball
2-0: Ball
3-0: Called Strike
3-1: Swinging Strike
3-2: Foul Ball, location: 2F
3-2: Strikes out swinging
Batting: RHB José García 0-0: Called Strike
0-1: SINGLE (Line Drive, 89M, EV 100.6 MPH)
Steve Mason scores
Doug Cox to third
Ed Randolph to second
Runner from 3rd tries for Home, throw by RF and OUT! 9-2
Bottom of the 8th over - 3 runs, 4 hits, 0 errors, 2 left on base; Fayetteville 3 - Augusta 3
TOP OF THE 9TH
Fayetteville Woodpeckers batting - Pitching for Augusta GreenJackets : RHP Iván Gómez
Batting: LHB Don Caldwell 0-0: Swinging Strike
0-1: Swinging Strike
0-2: Ball
1-2: Strikes out swinging, 2-3 out at first.
Batting: RHB Ben Jacobson 0-0: Fly out, F7 (Flyball, 78D, EV 93.8 MPH)
Pinch Hitting: LHB José Torrez 0-0: Swinging Strike
0-1: Swinging Strike
0-2: Strikes out swinging
Top of the 9th over - 0 runs, 0 hits, 0 errors, 0 left on base; Fayetteville 3 - Augusta 3
BOTTOM OF THE 9TH
Augusta GreenJackets batting - Pitching for Fayetteville Woodpeckers : RHP Akuhata Havika
Pitching: RHP José Rodríguez
Now at 3B: Gaspard Battllori
Batting: RHB Bob Bowman 0-0: Foul Ball, location: 2F
0-1: Fly out, F8 (Line Drive, 8LD, EV 110.0 MPH)
Pinch Hitting: RHB Edgardo Rivas 0-0: Ground out 4-3 (Groundball, 4, EV 83.8 MPH)
Batting: RHB José Cabrera 0-0: Ball
1-0: Ground out 6-3 (Groundball, 6, EV 89.4 MPH)
Bottom of the 9th over - 0 runs, 0 hits, 0 errors, 0 left on base; Fayetteville 3 - Augusta 3
TOP OF THE 10TH
Fayetteville Woodpeckers batting - Pitching for Augusta GreenJackets : RHP Iván Gómez
Pitching: LHP Tim Williams
Now at 3B: Raúl Durango
Pinch Hitting: RHB Curt Russell 0-0: Ball
1-0: Called Strike
1-1: Ball
2-1: Foul Ball, location: 3SF
2-2: Strikes out swinging
Batting: LHB Dave Branch 0-0: Ground out 6-3 (Groundball, 6, EV 103.8 MPH)
Batting: RHB Dave Martin 0-0: Ball
1-0: SINGLE (Line Drive, 78M, EV 93.1 MPH)
Batting: RHB Mario Rivera 0-0: Called Strike
0-1: Ball
1-1: Ball
Dave Martin steals 2nd base
2-1: Ground out 5-3 (Groundball, 5, EV 104.4 MPH)
Top of the 10th over - 0 runs, 1 hit, 0 errors, 1 left on base; Fayetteville 3 - Augusta 3
BOTTOM OF THE 10TH
Augusta GreenJackets batting - Pitching for Fayetteville Woodpeckers : RHP José Rodríguez
Now at C: Luis Márquez
Batting: RHB Steve Mason 0-0: Fly out, F9 (Flyball, 89S, EV 101.9 MPH)
Batting: LHB Doug Cox 0-0: Called Strike
0-1: Ball
1-1: Foul Ball, location: 3FF
1-2: Ground out 6-3 (Groundball, 6M, EV 76.9 MPH)
Batting: LHB David Cruz 0-0: Foul Ball, location: 2F
0-1: SOLO HOME RUN (Flyball, 9D, EV 101.9 MPH), Distance : 365 ft
Bottom of the 10th over - 1 run, 1 hit, 0 errors, 0 left on base; Fayetteville 3 - Augusta 4
Monday, April 1st , 2024 - OOTP Baseball 24.10 Build 82